 Dungeon Crawl Stone Soup version 0.31-a0-232-gb1c03b2570 (webtiles) character file.

Game seed: 2433290779907201100

151 qw the Skirmisher (level 5, 0/42 HPs)
             Began as a Minotaur Hexslinger on July 7, 2023.
             Was an Initiate of Okawaru.
             Slain by an orc wizard
             ... wielding a +0 dagger
              (4 damage)
             ... on level 3 of the Dungeon.
             The game lasted 00:00:56 (1677 turns).

qw the Skirmisher (Minotaur Hexslinger)             Turns: 1677, Time: 00:00:57

Health: 0/42       AC:  4    Str: 12 (13) XL:     5   Next: 11%
Magic:  5/5        EV: 12    Int:  7 (10) God:    Okawaru [......]
Gold:   75         SH:  0    Dex: 13 (14) Spells: 5/6 levels left

rFire   . . .        Y - +1 sling
rCold   . . .        (no shield)
rNeg    . . .        a - +0 leather armour
rPois   .            (helmet restricted)
rElec   .            (no cloak)
rCorr   .            (no gloves)
SInv    +            i - +0 pair of boots
Will    .....        (no amulet)
Stlth   +            d - ring of see invisible
HPRegen 0.27/turn    (no ring)
MPRegen 0.09/turn

%: no passive effects
@: no status effects
A: horns 2, retaliatory headbutt
a: Renounce Religion


You were on level 3 of the Dungeon.
You worshipped Okawaru.
Okawaru was noncommittal.
You visited 1 branch of the dungeon, and saw 3 of its levels.

You collected 183 gold pieces.
You spent 108 gold pieces at shops.


Innate Abilities, Weirdness & Mutations

You have a pair of horns on your head.
You reflexively headbutt those who attack you in melee.


   Skills:
 + Level 2.7 Fighting
 - Level 12.0 Ranged Weapons
 - Level 2.1 Dodging
 - Level 1.0 Spellcasting
 - Level 2.0 Hexes


You had 5 spell levels left.
You knew the following spells:

 Your Spells              Type           Power      Damage    Failure   Level
a - Slow                  Hex            12%        N/A       24%         1

Your spell library contained the following spells:

 Spells                   Type           Power      Damage    Failure   Level
 Inner Flame              Hex/Fire       1%         N/A       71%         3
 Portal Projectile        Hex/Tloc       2%         N/A       71%         3
 Cause Fear               Hex            1%         N/A       93%         4

Inventory:

Hand Weapons
 Y - a +1 sling (weapon)
Armour
 a - a +0 leather armour (worn)
 i - a +0 pair of boots (worn)
Jewellery
 d - a ring of see invisible (left hand)
 e - a ring of see invisible
 j - a ring of fire
Scrolls
 g - 4 scrolls of identify
Potions
 b - a potion of lignification {unknown}
 h - a potion of attraction {unknown}

Dungeon Overview and Level Annotations

Branches:
Dungeon (3/15)

Altars:
Makhleb
Nemelex Xobeh
Okawaru
Sif Muna

Shops:
D:2 [


Message History

The orc is moderately wounded.
The orc hits you with a +0 flail.
You shoot a sling bullet. The sling bullet barely misses the orc.
The orc barely misses you. You furiously retaliate!
You headbutt the orc!
You kill the orc!
Okawaru accepts your kill. The orc closely misses you.
You shoot a sling bullet.
The sling bullet hits the orc but does no damage.
The orc is moderately wounded.
An orc wizard comes into view. It is wielding a +0 dagger.
The orc barely misses you. The orc hits you but does no damage.
You shoot a sling bullet. The orc wizard shouts!
The sling bullet hits the orc.
You kill the orc!
Okawaru accepts your kill.
The orc wizard gestures at you while chanting.
You are confused.
The orc hits you but does no damage. The orc closely misses you.
The orc hits you with a +0 falchion. The orc misses you.
The orc wizard hits you with a +0 dagger.
The orc barely misses you.
The orc wizard points at you and mumbles some strange words.
The puff of flame hits you! The orc misses you.
You feel less confused. The orc wizard barely misses you.
The orc hits you with a +0 falchion.
You shoot a sling bullet. The sling bullet hits the orc wizard.
The orc wizard is lightly wounded.
The orc wizard hits you with a +0 dagger.
The orc closely misses you.
You shoot a sling bullet. The sling bullet hits the orc wizard.
The orc wizard is moderately wounded.
You shoot a sling bullet.
The sling bullet hits the orc wizard but does no damage.
The orc wizard is moderately wounded.
The orc wizard hits you with a +0 dagger.
You die...

#.....## #...##.
#.##...#####.#....
#............#/...
#.......######.#..
####.......# #.##.
##....#....##
#....
##..##.....##
....###.
#.....#..### .. .
#. #....#o@.##
....# #.
#..##.##o...#
....###. #..#.}
#.##.# ....>##.
#..##.# .# #
........ ### .#.
.# ......#. . $ ##
# #......# ## #.
##(#..#.
####.##<.#..##
..............


You could see an orc wizard and an orc.

Vanquished Creatures
  An orc wizard (D:3)
  2 adders (D:2)
  2 worms (D:3)
  3 dart slugs
  2 orcs (D:3)
  A ball python (D:1)
  4 endoplasms (D:1)
  4 goblins
  4 hobgoblins
  2 jackals (D:3)
  2 quokkas
  2 bats
  7 kobolds
  4 rats
40 creatures vanquished.

Notes
Turn   | Place    | Note
-------+----------+-------------------------------------------
     0 | D:1      | qw the Minotaur Hexslinger began the quest for the Orb.
     0 | D:1      | Reached XP level 1. HP: 16/16 MP: 1/1
     0 | D:1      | 0 ||| qw: Version: 0.3-a-46-gb1f654a
     0 | D:1      | 0 ||| qw: Game counter: 2273
     0 | D:1      | 0 ||| qw: Melee chars always use a shield: true
     0 | D:1      | 0 ||| qw: God list: Okawaru
     0 | D:1      | 0 ||| qw: Allow faded altars: false
     0 | D:1      | 0 ||| qw: Do Orc after clearing Dungeon:15 true
     0 | D:1      | 0 ||| qw: Do second Lair branch before Depths: true
     0 | D:1      | 0 ||| qw: Lair rune preference: random
     0 | D:1      | 0 ||| qw: Goals: Normal
     0 | D:1      | 0 ||| PLANNING D:1-11
    52 | D:1      | Reached skill level 3 in Ranged Weapons
    81 | D:1      | Reached XP level 2. HP: 23/23 MP: 2/2
   422 | D:1      | 422 ||| UPGRADING to ring of see invisible.
   423 | D:1      | 423 ||| READING 3 scrolls labelled UNLESU SOU.
   424 | D:1      | 424 ||| READING scroll labelled RIMOAM RUDECS.
   425 | D:1      | 425 ||| READING 2 scrolls labelled TUSUILLI ZOLIJU.
   426 | D:1      | 426 ||| READING scroll labelled DARIPUMAUGE.
   427 | D:1      | 427 ||| READING 2 scrolls labelled OTSIJY KYECHU.
   428 | D:1      | 428 ||| READING scroll labelled GIFINL ROIMICI.
   429 | D:1      | 429 ||| DROPPING 2 scrolls of amnesia.
   430 | D:1      | 430 ||| DROPPING scroll of poison.
   431 | D:1      | 431 ||| DROPPING scroll of noise.
   597 | D:2      | Found a faded altar of an unknown god.
   640 | D:2      | Reached XP level 3. HP: 24/29 MP: 3/3
   641 | D:2      | 641 ||| FLEEEEING.
   925 | D:2      | Reached skill level 4 in Ranged Weapons
  1008 | D:2      | Found Siddoeru's Antique Armour Shoppe.
  1012 | D:2      | 1012 ||| SHOPLISTING glowing cloak (180 gold, have 137).
  1012 | D:2      | 1012 ||| BUYING pair of boots (108 gold).
  1012 | D:2      | Bought a pair of boots for 108 gold pieces
  1012 | D:2      | 1012 ||| SHOPLISTING pair of gloves (108 gold, have 29).
  1012 | D:2      | 1012 ||| SHOPLISTING ring mail (96 gold, have 29).
  1012 | D:2      | 1012 ||| UPGRADING to +0 pair of boots.
  1017 | D:2      | 1017 ||| READING scroll labelled ONOODA YNUWN.
  1021 | D:2      | 1021 ||| DRINKING 2 fuming brown potions.
  1022 | D:2      | 1022 ||| READING 3 scrolls of identify.
  1022 | D:2      | 1022 ||| IDENTIFYING pink potion
  1023 | D:2      | 1023 ||| DRINKING potion of experience.
  1023 | D:2      | Reached skill level 12 in Ranged Weapons
  1023 | D:2      | Reached XP level 4. HP: 36/36 MP: 4/4
  1024 | D:2      | 1024 ||| READING 2 scrolls of identify.
  1024 | D:2      | 1024 ||| IDENTIFYING bubbling blue potion
  1025 | D:2      | 1025 ||| DROPPING potion of degeneration.
  1026 | D:2      | 1026 ||| DROPPING potion of invisibility.
  1112 | D:3      | Found a burning altar of Makhleb.
  1113 | D:3      | Noticed a cacodemon
  1268 | D:3      | Found a shimmering blue altar of Sif Muna.
  1271 | D:3      | Found an iron altar of Okawaru.
  1272 | D:3      | 1272 ||| PLANNING OKAWARU WORSHIP
  1272 | D:3      | 1272 ||| UPGRADING to +0 leather armour.
  1282 | D:3      | 1282 ||| DROPPING +0 robe.
  1387 | D:3      | Found a sparkling altar of Nemelex Xobeh.
  1389 | D:3      | Became a worshipper of Warmaster Okawaru
  1390 | D:3      | 1390 ||| PLANNING D:1-11
  1654 | D:3      | 1654 ||| FLEEEEING.
  1665 | D:3      | Reached XP level 5. HP: 21/42 MP: 5/5
  1673 | D:3      | HP: 7/42 [orc wizard/puff of flame (7)]
  1675 | D:3      | HP: 3/42 [orc wizard/+0 dagger (3)]
  1677 | D:3      | Slain by an orc wizard

Levels and vault maps discovered:
D:1:      mainiacjoe_arrival_reflecting_pool, layout_rooms
D:2:      layout_basic, serial_corexii_hall, corexii_hall_statues_x,
          chequers_hall_statues_y, ebering_ecumenical_altar_rust, serial_shops,
          nicolae_shop_back_alley_shop
D:3:      layout_loops_cross, makhleb_altar_promises_db,
          gammafunk_temple_overflow_forgotten, kennysheep_flooded_box,
          grunt_decor_one_mirror

Skill      XL: |  1  2  3 |
---------------+----------+-----
Ranged Weapons | 3 12 | 12.0
Fighting       | 2 |  2.7
Dodging        | |  2.1
Spellcasting   | |  1.0
Hexes          | |  2.0

Action                     |  1- 3 |  4- 6 || total
---------------------------+-------+-------++-------
   Fire: Sling             |    74 |   161 ||   235
    Use: Scroll            |     8 |     1 ||     9
         Potion            |     2 |       ||     2
 Armour: Robe              |     2 |       ||     2
         Leather armour    |       |     6 ||     6
  Dodge: Dodged            |    17 |    15 ||    32

Table legend:
 A = Non-vault XP
 B = Vault XP
 C = Vault XP percentage of total XP
 D = Non-vault monster count
 E = Vault monster count
 F = Vault count percentage of total count
                 A         B        C        D         E       F
            +---------+---------+-------+---------+---------+-------
      Total |     138 |       0 |   0.0 |      40 |       0 |   0.0
            +---------+---------+-------+---------+---------+-------
        D:1 |      27 |       0 |   0.0 |      15 |       0 |   0.0
        D:2 |      44 |       0 |   0.0 |      12 |       0 |   0.0
        D:3 |      67 |       0 |   0.0 |      13 |       0 |   0.0
            +---------+---------+-------+---------+---------+-------
